 Dungeon Crawl Stone Soup version 0.31-a0-259-g771a54ca4b (webtiles) character file.

Game seed: 15089713208430878206

32 qw the Shooter (level 3, 0/21 HPs)
             Began as a Gargoyle Hexslinger on July 13, 2023.
             Slain by a gnoll
             ... wielding a +0 spear
              (5 damage)
             ... on level 2 of the Dungeon.
             The game lasted 00:00:23 (803 turns).

qw the Shooter (Gargoyle Hexslinger)                 Turns: 803, Time: 00:00:23

Health: 0/21       AC:  8    Str: 11    XL:     3   Next: 25%
Magic:  4/4        EV: 10    Int: 13    God:
Gold:   46         SH:  0    Dex: 14    Spells: 3/4 levels left

rFire   . . .        Y - +1 sling
rCold   . . .        (no shield)
rNeg    + . .        b - +0 ring mail
rPois   inf          (no helmet)
rElec   +            (no cloak)
rCorr   .            (no gloves)
SInv    .            (no boots)
Will    .....        (no amulet)
Stlth   +            (no ring)
HPRegen 0.23/turn    (no ring)
MPRegen 0.09/turn

%: no passive effects
@: no status effects
A: sickness immunity, AC +3, negative energy resistance 1, electricity
resistance, torment resistance 1, petrification resistance
a: no special abilities


You were on level 2 of the Dungeon.
You visited 1 branch of the dungeon, and saw 2 of its levels.

You collected 46 gold pieces.


Innate Abilities, Weirdness & Mutations

You are immune to sickness and miasma.
Your stone body is resilient. (AC +3)
You are immune to poison.
You resist negative energy. (rN+)
You are resistant to electric shocks. (rElec)
You are resistant to unholy torment.
You are immune to petrification.


   Skills:
 - Level 2.0 Fighting
 + Level 3.2 Ranged Weapons
 - Level 1.5 Dodging
 - Level 1.0 Spellcasting
 - Level 2.6 Hexes


You had 3 spell levels left.
You knew the following spells:

 Your Spells              Type           Power      Damage    Failure   Level
a - Slow                  Hex            28%        N/A       22%         1

Your spell library contained the following spells:

 Spells                   Type           Power      Damage    Failure   Level
 Inner Flame              Hex/Fire       4%         N/A       75%         3
 Portal Projectile        Hex/Tloc       8%         N/A       75%         3
 Cause Fear               Hex            3%         N/A       92%         4

Inventory:

Hand Weapons
 Y - a +1 sling (weapon)
Armour
 b - a +0 ring mail (worn)
 d - a +0 leather armour
Scrolls
 a - a scroll of identify

Dungeon Overview and Level Annotations

Branches:
Dungeon (2/15)

Altars:


Message History

The gnoll barely misses you.
The gnoll splashes around in the water.
You shoot a sling bullet. The sling bullet hits the gnoll!
The gnoll is heavily wounded.
The gnoll splashes around in the water.
You shoot a sling bullet. The sling bullet hits the gnoll.
The gnoll is severely wounded.
The gnoll hits you but does no damage.
The gnoll hits you from afar with a +0 spear.
You shoot a sling bullet. The sling bullet hits the gnoll.
The gnoll is almost dead.
The gnoll hits you from afar with a +0 spear.
You shoot a sling bullet. The sling bullet hits the gnoll.
The gnoll is lightly wounded.
The gnoll hits you but does no damage. The gnoll hits you with a +0 whip.
You shoot a sling bullet.
The sling bullet closely misses the gnoll.
The gnoll barely misses you. x2
The gnoll hits the plant with a +2 spear of venom!
The plant begins to die.
The gnoll hits you but does no damage.
A gnoll comes into view. It is wielding a +0 spear.
You shoot a sling bullet. The gnoll shouts!
The sling bullet hits the gnoll.
The gnoll is heavily wounded.
The gnoll hits you with a +0 whip.
The gnoll hits the plant with a +2 spear of venom!
The plant is poisoned.
The gnoll hits you from afar with a +0 spear.
You shoot a sling bullet.
The sling bullet closely misses the gnoll.
The gnoll misses you.
The gnoll splashes around in the water.
The gnoll closely misses you.
The gnoll splashes around in the water.
The gnoll hits you with a +0 whip.
You shoot a sling bullet.
The sling bullet completely misses the gnoll.
The gnoll misses you. The gnoll hits you with a +0 whip.
The gnoll hits the plant with a +2 spear of venom!
The plant looks as sick as possible!
The gnoll hits you from afar with a +0 spear.
You die...

77~.~~7 #.....7~7..##
7~~.~~~~ ~~~7~~~..#
7~~.~P~7 7~~~~~~~.#
7~~.~g~7 7~~P~~~~.#
~7~~.P~~77 777~~P~~P7.#
.~7~%~PPg777~~~~~~PP~.#
..~P.~~Pg~~P~~~~~~~~~.#
...~.~g~~~~~~~~~~~~~..#
.......@...........%..#
##...~~)~~~~~P~~~P~~..#
##~~~~~P~~~~~PP~~P7###
#7P~~~~~~~~~~P~P7#
#7~~~~~~~~~~~77#
#7PP~~~~~~777
#7~~~~~777 #~P~~~7


You could see 4 gnolls.

Vanquished Creatures
  2 dart slugs (D:1)
  4 ball pythons (D:1)
  2 endoplasms (D:1)
  A giant cockroach (D:1)
  2 goblins
  3 hobgoblins
  3 kobolds (D:1)
  3 quokkas (D:1)
  3 bats
  A frilled lizard (D:1)
  A rat (D:1)
25 creatures vanquished.

Notes
Turn   | Place    | Note
-------+----------+-------------------------------------------
     0 | D:1      | qw the Gargoyle Hexslinger began the quest for the Orb.
     0 | D:1      | Reached XP level 1. HP: 12/12 MP: 2/2
     0 | D:1      | 0 ||| qw: Version: 0.3-a-52-g30416fa
     0 | D:1      | 0 ||| qw: Game counter: 6954
     0 | D:1      | 0 ||| qw: Melee chars always use a shield: true
     0 | D:1      | 0 ||| qw: God list: Okawaru
     0 | D:1      | 0 ||| qw: Allow faded altars: false
     0 | D:1      | 0 ||| qw: Do Orc after clearing Dungeon:15 true
     0 | D:1      | 0 ||| qw: Do second Lair branch before Depths: true
     0 | D:1      | 0 ||| qw: Lair rune preference: random
     0 | D:1      | 0 ||| qw: Goals: Normal
     0 | D:1      | 0 ||| PLANNING D:1-11
   219 | D:1      | Reached XP level 2. HP: 16/16 MP: 3/3
   329 | D:1      | Reached skill level 3 in Ranged Weapons
   481 | D:1      | Reached XP level 3. HP: 21/21 MP: 4/4
   658 | D:1      | 658 ||| UPGRADING to +0 leather armour.
   668 | D:1      | 668 ||| DROPPING +0 robe.
   669 | D:1      | 669 ||| READING 3 scrolls labelled COFUTEQOADISO.
   670 | D:1      | 670 ||| READING scroll labelled HUIGEHYFIPU.
   671 | D:1      | 671 ||| READING 2 scrolls of identify.
   671 | D:1      | 671 ||| IDENTIFYING smoky purple potion
   672 | D:1      | 672 ||| DROPPING scroll of poison.
   673 | D:1      | 673 ||| DROPPING potion of degeneration.
   783 | D:2      | 783 ||| UPGRADING to +0 ring mail.
   793 | D:2      | 793 ||| Stepping ~*~*~tactically~*~*~ (water).
   802 | D:2      | HP: 5/21 [gnoll/+0 whip (1)]
   803 | D:2      | Slain by a gnoll

Levels and vault maps discovered:
D:1:      co_arrival_random_square_maze, layout_basic
D:2:      layout_basic, serial_bayou_lagoon_b, uniq_crazy_yiuf_cottage

Skill      XL: |  1  2 |
---------------+-------+-----
Ranged Weapons | 3 |  3.2
Fighting       | 2 |  2.0
Dodging        | |  1.5
Spellcasting   | |  1.0
Hexes          | |  2.6

Action                     || total
---------------------------++-------
   Fire: Sling             ||    89
    Use: Scroll            ||     3
 Armour: Robe              ||     6
         Ring mail         ||     4
         Leather armour    ||     1
  Dodge: Dodged            ||    40

Table legend:
 A = Non-vault XP
 B = Vault XP
 C = Vault XP percentage of total XP
 D = Non-vault monster count
 E = Vault monster count
 F = Vault count percentage of total count
                 A         B        C        D         E       F
            +---------+---------+-------+---------+---------+-------
      Total |      46 |       0 |   0.0 |      25 |       0 |   0.0
            +---------+---------+-------+---------+---------+-------
        D:1 |      37 |       0 |   0.0 |      20 |       0 |   0.0
        D:2 |       9 |       0 |   0.0 |       5 |       0 |   0.0
            +---------+---------+-------+---------+---------+-------
